Map: Automne céruléen EC

Players

zuka - Winner!

  • Race: Protoss Protoss
  • League: Master
  • Spawn Location: 7:00

zarmanpg

  • Race: Zerg Zerg
  • League: Master
  • Spawn Location: 1:00

VOD

Have the link to the VOD?

Description

Time

  • Played on: Jan. 2, 2019, 5:25 p.m.
  • Length: 24:36
Show
View Real Time Build Order
Export as new Build Order

zuka Protoss - Winner!

Build Orders: 1 Gate Expand, Oracle Opening, Carriers 

Get SALT Encoding   

  12  0:01  Probe  
  13  0:13  Probe  
  14  0:20  Pylon  
  14  0:21  Probe  
  15  0:34  Probe  
  15  0:41  Gateway  
  16  0:45  Probe  
  17  0:50  Assimilator  
  17  0:55  Probe  
  17  1:03  Probe  
  19  1:11  Probe  
  20  1:28  Nexus  
  20  1:40  Probe  
  20  1:42  Cybernetics Core  
  20  1:46  Assimilator  
  21  1:52  Probe  
  22  1:55  Pylon  
  22  2:04  Probe  
  23  2:16  Adept, Probe  
  23  2:20  Warp Gate  
  26  2:28  Probe  
  27  2:30  Stargate  
  27  2:40  Probe x2  
  27  2:43  Adept  
  31  2:52  Probe x2  
  33  3:01  Gateway  
  33  3:04  Probe x2  
  35  3:07  Oracle  
  35  3:17  Sentry, Probe  
  40  3:25  Shield Battery  
  41  3:28  Shield Battery  
  41  3:29  Pylon  
  42  3:34  Probe  
  42  3:40  Assimilator  
  40  3:44  Pylon  
  40  3:45  Pylon  
  40  3:49  Probe  
  40  3:52  Robotics Facility  
  40  3:54  Probe  
  42  4:01  Phoenix  
  42  4:02  Probe x2  
  46  4:10  Probe  
  46  4:11  Assimilator  
  46  4:14  Probe  
  48  4:18  Probe  
  49  4:26  Probe x2  
  49  4:27  Zealot x2  
  55  4:38  Probe  
  56  4:40  Probe  
  57  4:50  Probe  
  57  4:52  Probe  
  59  4:57  Fleet Beacon, Zealot  
  59  4:58  Zealot  
  63  5:13  Nexus  
  63  5:14  Pylon  
  63  5:15  Probe  
  63  5:16  Probe  
  63  5:19  Stargate  
  65  5:21  Pylon  
  65  5:27  Probe  
  65  5:28  Probe  
  67  5:31  Mothership, Pylon  
  67  5:41  Probe  
  76  5:53  Carrier, Probe  
  76  5:55  Assimilator  
  77  5:59  Assimilator  
  83  6:05  Probe  
  83  6:06  Void Ray  
  88  6:17  Probe  
  89  6:20  Zealot  
  89  6:21  Zealot  
  85  6:29  Probe  
  72  6:41  Adept x2, Probe  
  77  6:53  Probe  
  77  6:56  Pylon  
  77  6:57  Carrier  
  71  7:02  Pylon  
  71  7:03  Pylon  
  71  7:05  Adept  
  71  7:06  Adept, Probe  
  81  7:13  Pylon  
  81  7:18  Probe  
  82  7:25  Probe  
  83  7:30  Probe, Pylon  
  84  7:37  Stalker  
  84  7:38  Probe  
  84  7:42  Probe  
  88  7:46  Carrier  
  88  7:48  Nexus  
  88  7:50  Probe, Pylon  
  89  7:53  Assimilator  
  89  7:54  Probe  
  96  8:02  Probe  
  95  8:06  Probe  
  95  8:08  Zealot x2  
  95  8:10  Void Ray  
  96  8:14  Probe  
  101  8:31  Nexus  
  101  8:32  Pylon  
  101  8:33  Pylon  
  101  8:41  Protoss Air Weapons Level 1  
  101  8:42  Adept x2  
  101  8:45  Assimilator  
  105  8:50  Void Ray  
  105  8:51  Assimilator  
  109  8:56  Stargate  
  109  9:08  Void Ray  
  108  9:18  Adept x2  
  110  9:25  Pylon x2  
  108  9:40  Adept  
  108  9:41  Adept  
  111  9:50  Void Ray  
  109  9:55  Probe x2  
  114  10:07  Probe  
  114  10:09  Probe  
  114  10:13  Void Ray x2  
  123  10:18  Zealot  
  123  10:19  Probe, Zealot  
  128  10:21  Probe  
  129  10:30  Protoss Air Weapons Level 2  
  129  10:31  Probe  
  129  10:34  Carrier  
  130  10:49  Pylon  
  136  10:50  Void Ray  
  136  10:56  Void Ray  
  127  11:09  Probe x2  
  127  11:10  Probe  
  130  11:22  Zealot x2  
  134  11:30  Forge  
  134  11:32  Void Ray  
  134  11:34  Pylon  
  138  11:46  Void Ray x2  
  145  12:07  Stargate  
  145  12:09  Pylon  
  145  12:12  Void Ray  
  145  12:15  Photon Cannon  
  145  12:17  Photon Cannon  
  145  12:19  Photon Cannon  
  145  12:21  Photon Cannon  
  149  12:24  Twilight Council  
  149  12:39  Void Ray  
  149  12:40  Nexus  
  153  12:47  Carrier  
  153  12:48  Pylon  
  153  12:51  Pylon  
  153  12:52  Protoss Air Armor Level 1  
  159  13:01  Templar Archives  
  159  13:13  Assimilator  
  159  13:18  Psionic Storm  
  159  13:19  Assimilator, Pylon  
  159  13:22  Void Ray  
  163  13:34  Carrier  
  163  13:39  High Templar  
  163  13:41  High Templar  
  173  14:00  Photon Cannon  
  173  14:01  Photon Cannon  
  173  14:10  Robotics Facility  
  173  14:13  High Templar x2, Pylon  
  177  14:18  Archon  
  177  14:19  Archon  
  177  14:24  Void Ray x2  
  171  14:37  Cybernetics Core  
  171  14:39  Void Ray  
  171  14:40  Pylon  
  171  14:44  Protoss Air Weapons Level 3  
  175  14:46  High Templar x2  
  175  14:48  Protoss Shields Level 1  
  175  14:49  Photon Cannon  
  179  14:54  Observer  
  180  15:20  High Templar x2  
  184  15:22  Observer  
  184  15:23  Protoss Air Armor Level 2  
  184  15:24  Void Ray x2  
  193  15:50  Nexus  
  193  15:53  Pylon  
  193  15:55  Void Ray  
  159  16:20  Void Ray  
  159  16:21  Void Ray  
  159  16:22  Void Ray  
  141  16:32  Void Ray  
  114  16:40  High Templar  
  114  16:41  Zealot  
  112  16:47  Carrier  
  112  16:52  Gateway  
  112  16:54  Void Ray, Gateway  
  112  16:57  Assimilator  
  112  17:00  Void Ray  
  112  17:01  Assimilator  
  112  17:08  High Templar  
  124  17:12  High Templar  
  124  17:14  Pylon  
  130  17:15  Void Ray  
  130  17:27  Void Ray  
  134  17:43  Zealot  
  136  17:49  Void Ray  
  136  17:50  Zealot x3  
  120  17:57  Void Ray  
  106  18:05  Void Ray  
  104  18:13  High Templar x2  
  104  18:18  Zealot x2  
  112  18:29  Probe  
  112  18:30  Probe x3  
  116  18:35  Void Ray  
  116  18:37  Void Ray  
  124  18:41  Probe  
  124  18:43  High Templar, Zealot  
  129  18:50  Zealot  
  129  18:55  Probe  
  133  18:59  Void Ray  
  133  19:01  Zealot  
  138  19:14  Zealot  
  136  19:18  Void Ray  
  136  19:20  Archon  
  136  19:24  Void Ray, Zealot x3  
  129  19:35  Probe x2  
  129  19:37  High Templar  
  129  19:38  Probe  
  133  19:39  Void Ray  
  137  19:47  High Templar, Zealot  
  137  19:48  Zealot  
  143  19:58  Void Ray  
  147  20:09  Nexus  
  147  20:10  High Templar  
  147  20:12  Zealot x2  
  151  20:25  Zealot  
  150  20:34  Adept  
  150  20:35  Adept  
  150  20:47  Void Ray, Pylon  
  150  20:48  Void Ray  
  150  20:49  Pylon  
  156  20:52  Assimilator  
  156  20:57  Assimilator  
  156  20:58  High Templar  
  154  21:20  Nexus  
  154  21:24  Probe x3  
  154  21:25  Probe  
  154  21:27  High Templar x2  
  158  21:34  Zealot x2  
  158  21:36  Probe x2  
  154  22:02  High Templar x2, Zealot  
  154  22:03  Zealot  
  154  22:11  Probe  
  154  22:12  Probe  
  156  22:21  Forge  
  154  22:23  Void Ray  
  154  22:24  Void Ray  
  154  22:25  Void Ray  
  154  22:26  Nexus  
  159  22:40  Probe x4  
  158  22:48  Zealot x4  
  166  22:52  Probe x2  
  166  22:53  Probe x2  
  166  22:56  Void Ray  
  166  23:04  Probe x2  
  166  23:05  Probe x2  
  170  23:07  Nexus  
  169  23:14  Zealot x2  
  169  23:15  Zealot  
  168  23:33  Void Ray  
  168  23:34  Void Ray  
  172  23:36  High Templar  
  172  23:37  High Templar  
  172  23:40  Nexus  
  180  23:42  Pylon  
  180  23:43  Pylon  
Show
View Real Time Build Order
Export as new Build Order

zarmanpg Zerg 

Build Orders: Hatch First 

Get SALT Encoding   

  12  0:05  Drone  
  13  0:13  Overlord  
  13  0:17  Drone  
  14  0:31  Drone x2  
  16  0:51  Hatchery, Drone  
  16  0:55  Drone  
  17  0:59  Drone  
  18  1:10  Extractor  
  17  1:15  Spawning Pool  
  17  1:18  Drone  
  17  1:21  Drone  
  18  1:31  Drone  
  19  1:42  Overlord  
  19  1:53  Drone  
  20  2:02  Queen  
  20  2:03  Drone  
  20  2:04  Drone  
  20  2:05  Queen  
  26  2:13  Metabolic Boost  
  26  2:15  Drone x2  
  28  2:25  Zergling x4  
  30  2:36  Zergling x2  
  31  2:39  Zergling x2  
  32  2:45  Zergling x2, Hatchery  
  32  2:48  Zergling x2  
  33  2:57  Zergling x4  
  35  3:19  Drone  
  36  3:20  Overlord  
  36  3:25  Overlord  
  36  3:37  Overlord  
  36  3:38  Overlord  
  36  3:39  Drone x2  
  36  3:40  Drone x2  
  40  3:43  Spore Crawler  
  38  3:50  Drone  
  38  3:51  Drone  
  38  3:52  Spore Crawler  
  38  3:53  Drone x2  
  38  3:55  Extractor, Drone x3  
  43  3:58  Evolution Chamber, Drone  
  43  4:04  Drone x2  
  43  4:05  Queen  
  43  4:07  Drone  
  48  4:12  Queen  
  50  4:20  Baneling Nest  
  50  4:22  Drone x3  
  52  4:26  Zerg Melee Weapons Level 1  
  52  4:37  Spore Crawler  
  49  4:40  Drone x2  
  49  4:41  Drone  
  52  4:52  Drone x3  
  55  4:53  Drone x3  
  55  4:58  Drone x4  
  62  5:00  Drone  
  62  5:02  Drone x3  
  66  5:12  Overlord  
  66  5:13  Overlord  
  66  5:23  Overlord x3  
  66  5:26  Hatchery, Overlord  
  65  5:29  Overlord  
  66  5:35  Zergling x2  
  66  5:36  Zergling x10  
  66  5:37  Zergling x2  
  66  5:38  Zergling x2  
  66  5:41  Baneling x5  
  66  5:42  Baneling x2  
  73  5:43  Baneling x2  
  73  5:44  Baneling  
  71  5:50  Zergling x8  
  71  5:51  Zergling x2  
  71  5:53  Zergling x2  
  71  5:55  Zergling x6  
  81  5:57  Zergling x2  
  81  5:59  Zergling x2  
  82  6:08  Lair  
  82  6:09  Zergling x6  
  82  6:10  Zergling x4  
  87  6:13  Zergling x6  
  90  6:23  Zergling x2  
  90  6:24  Zergling x4  
  90  6:25  Zergling x2  
  88  6:38  Zergling x16  
  88  6:39  Zergling x4  
  92  6:40  Zergling x2  
  92  6:44  Drone  
  92  6:48  Zerg Ground Armor Level 1  
  88  6:58  Drone x4  
  90  7:07  Drone  
  90  7:08  Drone x4  
  92  7:12  Hatchery  
  92  7:13  Extractor  
  91  7:16  Hydralisk Den, Drone x3  
  91  7:20  Overseer  
  93  7:27  Drone x3  
  93  7:28  Drone  
  93  7:29  Drone x3, Spore Crawler  
  97  7:30  Drone  
  97  7:32  Extractor x2, Drone x2  
  98  7:39  Baneling x3  
  98  7:40  Baneling x6  
  98  7:44  Drone x3  
  98  7:48  Overlord x2  
  101  7:52  Extractor, Drone  
  101  7:53  Drone x3  
  93  8:17  Spire  
  84  8:20  Drone x2  
  84  8:22  Extractor x2  
  84  8:25  Spore Crawler  
  84  8:26  Spore Crawler x2  
  84  8:27  Spore Crawler  
  78  8:38  Zergling x8  
  78  8:39  Zergling x2  
  78  8:40  Spore Crawler  
  78  8:41  Zergling x8  
  85  8:43  Spore Crawler  
  85  8:47  Zergling x6  
  85  8:48  Zergling x8  
  92  8:50  Spore Crawler  
  92  8:51  Zergling x6  
  92  8:53  Zergling x2  
  92  8:54  Zergling x10  
  100  8:57  Zergling x8  
  100  8:58  Zergling x8  
  100  9:02  Zergling x2  
  109  9:04  Zergling x2  
  110  9:13  Zergling x4  
  110  9:14  Zergling x6  
  110  9:15  Zergling x2  
  108  9:29  Corruptor  
  108  9:30  Corruptor x5  
  118  9:32  Overlord  
  118  9:33  Overlord x4  
  118  9:34  Overlord  
  114  9:41  Corruptor x2  
  114  9:42  Corruptor  
  115  9:51  Corruptor x3  
  115  9:52  Corruptor x3  
  116  9:53  Corruptor  
  113  10:15  Corruptor x2  
  113  10:16  Hatchery  
  115  10:23  Zerg Flyer Weapons Level 1  
  115  10:29  Drone  
  115  10:30  Drone x3  
  115  10:31  Drone  
  120  10:39  Overseer  
  120  10:47  Corruptor x2  
  120  10:48  Corruptor  
  119  11:01  Corruptor  
  119  11:02  Corruptor x2  
  105  11:10  Muscular Augments  
  105  11:11  Hydralisk  
  93  11:17  Hydralisk x3  
  101  11:22  Drone  
  102  11:32  Drone x2  
  104  11:34  Drone x2  
  106  11:45  Zerg Ground Armor Level 2  
  106  11:46  Hatchery  
  105  11:50  Drone  
  105  11:51  Drone x3  
  105  11:52  Drone  
  110  11:57  Hydralisk x2  
  110  11:58  Hydralisk, Infestation Pit  
  112  12:11  Hydralisk x5  
  112  12:13  Hydralisk  
  112  12:15  Hydralisk  
  126  12:20  Hydralisk x2  
  130  12:26  Hydralisk x3  
  136  12:40  Hydralisk x3  
  136  12:41  Hydralisk x3  
  148  12:44  Grooved Spines  
  148  12:50  Drone x6  
  148  12:51  Drone  
  155  12:52  Drone  
  155  12:58  Hydralisk x2  
  158  13:05  Pathogen Glands  
  160  13:08  Drone x3  
  160  13:11  Spore Crawler  
  162  13:16  Spore Crawler  
  162  13:19  Spore Crawler  
  160  13:20  Drone x4  
  160  13:21  Drone x2, Spore Crawler  
  165  13:29  Hydralisk x3  
  165  13:33  Overlord x2  
  171  13:47  Overlord x2  
  171  13:51  Hydralisk x5  
  171  13:52  Hydralisk x3  
  186  13:56  Hydralisk, Extractor  
  186  13:57  Extractor  
  186  14:01  Neural Parasite  
  186  14:04  Overlord x2  
  186  14:09  Burrow  
  186  14:10  Zerg Missile Weapons Level 1  
  186  14:11  Hydralisk x5  
  186  14:12  Hydralisk  
  170  14:34  Infestor x4  
  170  14:35  Infestor x2  
  180  14:43  Drone x4  
  180  14:44  Drone  
  185  14:47  Infestor x2  
  189  15:04  Pneumatized Carapace  
  189  15:14  Infestor x3  
  189  15:15  Infestor x2  
  199  15:28  Hive  
  115  16:38  Hydralisk x7  
  115  16:39  Hydralisk x7  
  135  16:40  Hydralisk x6  
  135  16:41  Hydralisk x7  
  135  16:42  Hydralisk  
  171  16:49  Hatchery  
  171  16:50  Hydralisk x3  
  171  16:53  Queen  
  178  17:02  Infestor x4  
  178  17:03  Infestor  
  178  17:06  Hydralisk x2  
  178  17:08  Hydralisk  
  194  17:15  Hydralisk x2  
  198  17:26  Overseer x3  
  198  17:31  Hatchery  
  153  17:55  Hydralisk x3  
  153  17:56  Hydralisk x7  
  153  17:57  Hydralisk x5  
  149  18:06  Hydralisk x3  
  149  18:07  Hydralisk  
  149  18:09  Hydralisk  
  149  18:10  Zergling x6  
  149  18:11  Zergling x8  
  149  18:12  Zergling x6  
  161  18:15  Hydralisk  
  163  18:31  Hydralisk x5  
  163  18:32  Hydralisk x5  
  163  18:34  Zergling x4  
  181  18:47  Zergling x14, Extractor  
  181  18:48  Zergling x2  
  188  18:49  Extractor, Zergling x4  
  188  18:50  Zergling x4  
  191  18:55  Hydralisk  
  191  18:57  Overlord x3  
  191  19:00  Zerg Missile Weapons Level 2  
  145  19:22  Hydralisk x3  
  145  19:23  Hydralisk x7  
  145  19:24  Hydralisk x7  
  153  19:25  Hydralisk x2  
  152  19:36  Queen  
  152  19:37  Hydralisk  
  152  19:38  Hydralisk x7  
  151  19:40  Zergling x4  
  151  19:41  Zergling x4  
  167  19:50  Hatchery  
  166  19:53  Adrenal Glands  
  166  19:56  Zergling x12  
  166  19:59  Zergling x6  
  175  20:03  Zergling x8  
  175  20:05  Zergling x2  
  180  20:09  Zergling x6  
  180  20:11  Zergling x4  
  185  20:16  Zergling x8  
  154  20:30  Hydralisk x6  
  154  20:31  Hydralisk  
  144  20:38  Hydralisk x2  
  144  20:39  Hydralisk  
  144  20:41  Hydralisk  
  143  20:52  Drone x3  
  143  20:53  Drone x6  
  143  20:55  Hydralisk x2  
  156  21:01  Hydralisk x3  
  162  21:07  Hydralisk x2  
  162  21:08  Hydralisk  
  157  21:17  Hydralisk x4  
  163  21:18  Hydralisk  
  163  21:21  Hydralisk  
  164  21:28  Spore Crawler x2  
  164  21:29  Spore Crawler  
  164  21:30  Spore Crawler  
  160  21:34  Spore Crawler  
  160  21:37  Drone x2  
  160  21:38  Hydralisk x4  
  169  21:44  Hydralisk x3  
  173  21:53  Hydralisk x4  
  173  21:54  Hydralisk  
  179  21:55  Hydralisk  
  179  21:58  Hydralisk  
  179  22:00  Hydralisk  
  187  22:02  Hydralisk  
  187  22:08  Hydralisk x3  
  175  22:18  Infestor x2  
  170  22:29  Infestor x2  
  172  22:31  Hatchery  
  158  22:48  Infestor  
  158  22:49  Infestor x6  
  164  22:55  Infestor x2  
  164  22:56  Infestor  
  164  23:04  Infestor x2  
  128  23:33  Overseer x2  
  128  23:34  Infestor x15  
  126  23:48  Hatchery  
  125  23:50  Hydralisk x3  
  125  23:51  Hydralisk x3  
  126  23:58  Hydralisk  
  126  23:59  Hydralisk  
Tags
 
Add a new tag
Caveats
  • Supply blocks, unpowered buildings, or Contaminate may cause inaccurate times.
  • Supply counts are checked every 10 seconds.